 Dungeon Crawl Stone Soup version 0.31-a0-1159-g800acc2fd1 (webtiles) character file.

Game seed: 9161098884702557601

390 Malachi the Changeling (level 6, -1/48 HPs)
             Began as a Merfolk Shapeshifter on Dec 8, 2023.
             Was a Follower of Jiyva.
             Slain by Pikel
             ... wielding a +1 whip of flaming
              (8 damage)
             ... on level 4 of the Dungeon.
             The game lasted 00:04:07 (3513 turns).

Malachi the Changeling (Merfolk Shapeshifter)       Turns: 3513, Time: 00:04:08

Health: -1/48      AC:  5    Str: 16    XL:     6   Next: 80%
Magic:  0/6        EV: 12    Int: 11    God:    Jiyva [*.....]
Gold:   237        SH:  0    Dex: 14    Spells: 5/5 levels left

rFire   . .          .
                       - Unarmed
rCold   . . .        (no shield)
rNeg    + . .        t - +0 ring mail
rPois   +            (helmet currently unavailable)
rElec   .            (cloak currently unavailable)
rCorr   .            (gloves currently unavailable)
SInv    .            (boots currently unavailable)
Will    +....        k - amulet "Guv Tufi" {Spirit rN+ Int+2}
Stlth   +            q - ring of poison resistance
HPRegen 1.08/turn    (no ring)
MPRegen 0.35/turn

%: guardian spirit
@: beast-form, attractive, enlightened, flying
A: beast (slay +3), (nimble swimmer 2), mertail
a: Begin Untransformation, Renounce Religion


You were on level 4 of the Dungeon.
You worshipped Jiyva.
Jiyva was aware of your devotion.
You were a hulking beast.
You visited 1 branch of the dungeon, and saw 4 of its levels.

You collected 237 gold pieces.

Inventory:

Missiles
 r - 2 throwing nets
Armour
 h - a +0 pair of gloves
 t - a +0 ring mail (worn)
Jewellery
 k - the amulet "Guv Tufi" (around neck) {Spirit rN+ Int+2}
   (You found it on level 2 of the Dungeon)

   [amulet of guardian spirit]

   Spirit:    It causes incoming damage to be divided between your reserves of
   health and magic.
   Int+2:     It affects your intelligence (+2).
   rN+:       It protects you from negative energy.
 q - a ring of poison resistance (left hand)
 s - an amulet of faith
 u - a ring of ice
Talismans
 c - a beast talisman
 d - a flux talisman
Wands
 i - a wand of flame (12)
 w - a wand of paralysis (9)
 y - a wand of mindburst (17)
Scrolls
 a - a scroll of vulnerability {unknown}
 f - a scroll of torment {unknown}
 n - a scroll of fear {unknown}
 o - a scroll of teleportation {unknown}
 v - a scroll of identify {unknown}
 x - a scroll of blinking {unknown}
Potions
 b - 2 potions of lignification
 e - 2 potions of attraction
 j - a potion of haste {unknown}
 l - 2 potions of enlightenment
 m - a potion of curing {unknown}
 p - 2 potions of brilliance {unknown}
 z - a potion of invisibility {unknown}


   Skills:
 + Level 3.6 Fighting
 + Level 5.1 Dodging
 + Level 4.9 Unarmed Combat
 + Level 5.7 Shapeshifting


You had 5 spell levels left.
You didn't know any spells.
Your spell library contained the following spells:

 Spells                   Type           Power      Damage    Failure   Level
 Apportation              Tloc           0%         N/A       56%         1
 Necrotise                Necr           0%         1d4       56%         1
 Summon Small Mammal      Summ           0%         N/A       56%         1
 Static Discharge         Conj/Air       0%         3-3/arc   71%         2
 Inner Flame              Hex/Fire       0%         N/A       90%         3
 Airstrike                Air            0%         2d(0-16)  100%        4
 Flame Wave               Conj/Fire      0%         2d4       100%        4
 Sticky Flame             Conj/Fire      0%         2d3       100%        4
 Summon Lightning Spire   Summ/Air       0%         N/A       100%        4


Dungeon Overview and Level Annotations

Branches:
Dungeon (4/15)
 Temple: D:4-7

Altars:
Kikubaaqudgha
Makhleb
Okawaru
Vehumet
Wu Jian
Xom
Jiyva

Shops:
D:2 :

Annotations:
D:4 Pikel


Innate Abilities, Weirdness & Mutations

You are a hulking beast.
Your limbs bulge with bestial killing power. (Slay +3)
((You are very nimble when in or above water. (Stealth+, EV+, Speed+++)))
Your lower body shifts to a powerful aquatic tail in water.


Message History

The orc wizard hits you with a +0 dagger.
The lemure barely misses you.
Okay, then.
The orc priest attacks as it pursues you!
The orc priest barely misses you.
The orc wizard gestures wildly while chanting.
The orc wizard flickers and vanishes!
Deactivating autopickup; reactivate with Ctrl-A.
Pikel hits you with a +1 whip of flaming.
Pikel burns you.
You hit the orc priest.
The orc priest is lightly wounded.
Something hits you.
The orc priest hits you with a +0 heavy falchion.
The lemure is attracted toward you.
You hit the orc priest.
The orc priest is heavily wounded.
Pikel misses you.
You punch the orc priest!
The orc priest is almost dead.
Something hits you.
Pikel hits you with a +1 whip of flaming.
Pikel burns you.
The orc priest calls down the wrath of Beogh upon you.
Pain shoots through your body!
You closely miss the orc priest.
The orc priest is almost dead.
Something hits you but does no damage.
Pikel hits you with a +1 whip of flaming.
* * * LOW HITPOINT WARNING * * *
Pikel burns you.
The orc priest mumbles some strange prayers to Beogh against you.
Beogh smites you!
* * * LOW HITPOINT WARNING * * *
It was a potion of enlightenment.
You feel very buoyant.
You fly up into the air.
Something hits you but does no damage.
Pikel hits you with a +1 whip of flaming!
You die...
Pikel says, "See you in Hell!"

...........####..##..#
........#............#..
...........#..###....#.>
..........##..# ##......
..>..###.###..## #......
#......###.....###......
...#..##55.#...#.......
##..##.#K5####5......#..
#......h{5# #........##.
##......o.# ##......## #
#...##.### #.......# #..
... #........# ... ....
.........# .. .....#
#.##........ . #....# #.
#....#... ..#### #.
#.<..##..


You could see Pikel, 4 lemures and an orc priest.

Vanquished Creatures
  An ogre (D:4)
  An orc priest (D:3)
  A sleepcap (D:4)
  Jessica (D:3)
  Ijyb (D:3)
  An orc wizard (D:3)
  4 adders
  3 gnolls (D:2)
  2 worms
  2 dart slugs
  10 orcs
  8 ball pythons
  4 bats
  8 endoplasms
  3 giant cockroaches
  14 hobgoblins
  2 jackals (D:2)
  2 kobolds
  2 quokkas (D:3)
  2 frilled lizards
  4 goblins
  4 rats
80 creatures vanquished.

Vanquished Creatures (others)
  The ghost of ongoing the Trooper, an amateur MiDe (D:4)
  2 jellies (D:4)
  2 adders (D:4)
  An endoplasm (D:4)
  2 orcs (D:4)
8 creatures vanquished.

Grand Total: 88 creatures vanquished

Notes
Turn   | Place    | Note
-------+----------+-------------------------------------------
     0 | D:1      | Malachi the Merfolk Shapeshifter began the quest for the
                  | Orb.
     0 | D:1      | Reached XP level 1. HP: 15/15 MP: 1/1
   177 | D:1      | Reached XP level 2. HP: 12/21 MP: 2/2
   597 | D:1      | Reached XP level 3. HP: 27/27 MP: 3/3
   953 | D:2      | Identified the amulet "Guv Tufi" {Spirit rN+ Int+2}
   989 | D:2      | Found an ancient bone altar of Kikubaaqudgha.
  1159 | D:2      | Reached XP level 4. HP: 25/33 MP: 4/4
  1791 | D:2      | Found Vom Nuf's Vocational Training.
  1988 | D:3      | Reached skill level 5 in Shapeshifting
  1988 | D:3      | Reached XP level 5. HP: 23/39 MP: 3/5
  2249 | D:3      | Noticed Jessica
  2259 | D:3      | Killed Jessica
  2359 | D:3      | Noticed Ijyb
  2379 | D:3      | Killed Ijyb
  2486 | D:3      | Reached XP level 6. HP: 33/47 MP: 4/6
  2911 | D:3      | Found an ornate altar of the Wu Jian Council.
  2911 | D:3      | Found a burning altar of Makhleb.
  2918 | D:3      | Found a shimmering altar of Xom.
  2920 | D:3      | Found a radiant altar of Vehumet.
  2922 | D:3      | Found a faded altar of an unknown god.
  3107 | D:3      | Prayed at the altar of an unknown god.
  3107 | D:3      | Became a worshipper of Jiyva Jouggopn the Shapeless
  3107 | D:3      | Reached * piety under Jiyva
  3279 | D:4      | Reached skill level 5 in Dodging
  3357 | D:4      | Killed ongoing's ghost
  3396 | D:4      | Found an iron altar of Okawaru.
  3478 | D:4      | Noticed Pikel
  3513 | D:4      | Slain by Pikel

Illustrated notes

Levels and vault maps discovered:
D:1:      dpeg_arrival_radiant, layout_loops_ring, serial_bayou_pond_c,
          minmay_tromino_i2
D:2:      layout_loops_ring, basic_altar, nicolae_shop_vocational
D:3:      layout_basic, chequers_temple_overflow_minitemple, serial_aquarium,
          aquarium_bridge_square [aquarium_subvault_window,
          aquarium_subvault_window, aquarium_subvault_bridge,
          aquarium_subvault_wall], aquarium_window_fake, aquarium_window_fake,
          aquarium_window_corridor_2, aquarium_view_2g, aquarium_view_2c,
          uniq_ijyb, uniq_jessica
D:4:      layout_cave_pools, kennysheep_mini, grunt_temple_overflow_diamond,
          gammafunk_ghost_cemetery, minivault_19, uniq_pikel

Skill      XL: |  1  2  3  4  5  6 |
---------------+-------------------+-----
Dodging        | 3 4 5 |  5.1
Fighting       | 2 3 |  3.6
Unarmed Combat | 4 |  4.9
Shapeshifting  | 5 |  5.7

Action                     |  1- 3 |  4- 6 || total
---------------------------+-------+-------++-------
  Melee: Unarmed           |    91 |   172 ||   263
         Punch             |     3 |    10 ||    13
    Use: Potion            |       |     3 ||     3
   Stab: Sleeping          |     2 |       ||     2
 Armour: Animal skin       |    25 |       ||    25
         Chain mail        |    29 |    30 ||    59
         Leather armour    |       |    15 ||    15
         Ring mail         |       |    52 ||    52
  Dodge: Dodged            |    51 |    88 ||   139

Table legend: (Time is in decaauts)
 A = Elapsed time spent in this place.
 B = Non-inter-level travel time spent in this place.
 C = Inter-level travel time spent in this place.
 D = Time resting spent in this place.
 E = Time spent auto-exploring this place.
 F = Levels seen in this place.
 G = Mean time per level.
                   A        B        C        D        E       F      G
               +--------+--------+--------+--------+--------+-----+--------+
         Total |   3482 |   3232 |    250 |    184 |   2447 |   4 |  870.5 |
       Dungeon |   3482 |   3232 |    250 |    184 |   2447 |   4 |  870.5 |
               +--------+--------+--------+--------+--------+-----+--------+

Top non-repeatable levels by time:
     D:3: 1218 daAuts
     D:2: 1025 daAuts
     D:1: 891 daAuts
     D:4: 346 daAuts
